 Dungeon Crawl Stone Soup version 0.30-a0-54-g2e61a25929 (webtiles) character file.

Game seed: 13001935341206411424

5 Gircel the Sneak (level 1, 0/9 HPs)
             Began as a Spriggan Enchanter on Sept 7, 2022.
             Slain by a ball python (1 damage)
             ... on level 1 of the Dungeon.
             The game lasted 00:00:29 (189 turns).

Gircel the Sneak (Spriggan Enchanter)                Turns: 189, Time: 00:00:30

Health: 0/9        AC:  2    Str:  4    XL:     1   Next: 66%
Magic:  5/5        EV: 14    Int: 16    God:
Gold:   0          SH:  5    Dex: 15    Spells: 6/6 levels left

rFire   . . .      SeeInvis +    a - +1 dagger
rCold   . . .      Faith    .    (no shield)
rNeg    . . .      Spirit   .    b - +0 robe
rPois   .          Reflect  +    (helmet restricted)
rElec   .          Harm     .    (no cloak)
rCorr   .          Rampage  .    (gloves unavailable)
Will    .....                    (boots unavailable)
Stlth   +++.......               d - amulet of reflection
HPRegen 0.03/turn                (no ring)
MPRegen 0.09/turn                (no ring)

@: constricted, very quick
A: very small, no large weapons, unfitting armour, see invisible, speed 3
a: no special abilities


You were on level 1 of the Dungeon.
You visited 1 branch of the dungeon, and saw 1 of its levels.

Inventory:

Hand Weapons
 a - a +1 dagger (weapon)
Armour
 b - a +0 robe (worn)
Jewellery
 d - an amulet of reflection (around neck)
Scrolls
 e - 3 scrolls of noise {unknown}
Potions
 c - 2 potions of invisibility


   Skills:
 - Level 1.1 Short Blades
 - Level 2.6 Dodging
 - Level 4.4 Stealth
 + Level 3.0 Spellcasting
 + Level 3.9 Hexes


You had 6 spell levels left.
You didn't know any spells.
Your spell library contained the following spells:

 Spells                   Type           Power      Damage    Failure   Level
 Confusing Touch          Hex            14%        N/A       11%         3
 Tukima's Dance           Hex            14%        N/A       11%         3
 Ensorcelled Hibernation  Hex/Ice        16%        N/A       13%         2
 Dazzling Flash           Conj/Hex       16%        N/A       26%         3


Dungeon Overview and Level Annotations

Branches:
Dungeon (1/15)

Altars:


Innate Abilities, Weirdness & Mutations

You are very small and have problems with some larger weapons.
You are too small for most types of armour.
You have supernaturally acute eyesight. (SInv)
You cover ground extremely quickly. (Speed+++)


Message History

Found 13 gold pieces.
The ball python hisses angrily.
You see here 3 scrolls labelled WEOCEH NUFETYH.
e - 3 scrolls labelled WEOCEH NUFETYH You hit the ball python.
The ball python is moderately wounded.
The ball python misses you. x2
You barely miss the ball python.
The ball python is moderately wounded.
The ball python bites you. The ball python closely misses you.
The ball python misses you. The ball python closely misses you.
You closely miss the ball python.
The ball python is moderately wounded.
The ball python bites you. The ball python grabs you.
The ball python constricts you.
You barely miss the ball python.
The ball python is moderately wounded.
The ball python bites you. The ball python constricts you.
You are too injured to fight recklessly!
You are too injured to fight recklessly!
You are too injured to fight recklessly!
You are too injured to fight recklessly!
You are too injured to fight recklessly!
You closely miss the ball python.
The ball python is moderately wounded.
The ball python completely misses you. The ball python constricts you.
* * * LOW HITPOINT WARNING * * *
You closely miss the ball python.
The ball python is moderately wounded.
The ball python bites you but does no damage.
The ball python constricts you.
* * * LOW HITPOINT WARNING * * *
You closely miss the ball python.
The ball python is moderately wounded.
The ball python bites you but does no damage.
The ball python constricts you.
You barely miss the ball python.
The ball python is moderately wounded.
The ball python bites you.
You die...

########..##.##. #.#
#..##.##. #.# #..##.##.
#.# #..##.##.
##.########..##.##. ###
...........#...##.
....###.##########.####.
.......S..$..........##.
#......@.......#####.##.
.##++##..#####.#...#.##.
##...###.##..#.##.
###..##.#........ #######
####..#.#...#.##.
##PPP♣P♣♣P####.#.#...#.##.
#P♣..<...PP# #.#.#...#.##.
#..........# #.#.##.##.###
#+##P...##+# #.#.......#..


You could see a ball python.

Vanquished Creatures
  2 ball pythons (D:1)
  A giant cockroach (D:1)
  A hobgoblin (D:1)
  A kobold (D:1)
5 creatures vanquished.

Notes
Turn   | Place    | Note
-------+----------+-------------------------------------------
     0 | D:1      | Gircel the Spriggan Enchanter began the quest for the Orb.
     0 | D:1      | Reached XP level 1. HP: 9/9 MP: 5/5
   189 | D:1      | Slain by a ball python

Illustrated notes

Levels and vault maps discovered:
D:1:      denvon_arrival_planthouse, layout_basic, ebering_ecumenical_altar_webs

Skill      XL: |  1 |
---------------+----+-----
Spellcasting   | 3 |  3.0
Short Blades   | |  1.1
Dodging        | |  2.6
Stealth        | |  4.4
Hexes          | |  3.9

Action                   || total
-------------------------++-------
Melee: Dagger            ||    21
 Stab: Sleeping          ||     2
Armor: Robe              ||     2
Dodge: Dodged            ||    20
Block: Other             ||     2

Table legend: (Time is in decaauts)
 A = Elapsed time spent in this place.
 B = Non-inter-level travel time spent in this place.
 C = Inter-level travel time spent in this place.
 D = Time resting spent in this place.
 E = Time spent auto-exploring this place.
 F = Levels seen in this place.
 G = Mean time per level.
                   A        B        C        D        E       F      G
               +--------+--------+--------+--------+--------+-----+--------+
         Total |    123 |    123 |      0 |      0 |     77 |   1 |  123.0 |
       Dungeon |    123 |    123 |      0 |      0 |     77 |   1 |  123.0 |
               +--------+--------+--------+--------+--------+-----+--------+

Top non-repeatable levels by time:
     D:1: 123 daAuts
